 Dungeon Crawl Stone Soup version 0.29.1-15-g9cfb28693d (webtiles) character file.

Game seed: 973728916699183636

24070 croobank the Destroyer (level 12, -1/92 HPs)
             Began as a Demonspawn Conjurer on Mar 9, 2023.
             Was an Initiate of Gozag.
             Killed from afar by a rime drake (26 damage)
             ... with a flash freeze
             ... on level 1 of the Lair of Beasts.
             The game lasted 00:56:22 (20149 turns).

croobank the Destroyer (Demonspawn Conjurer)       Turns: 20149, Time: 00:56:22

Health: -1/92      AC: 14    Str:  8    XL:     12   Next: 77%
Magic:  14/23      EV: 15    Int: 24    God:    Gozag
Gold:   1785       SH:  4    Dex: 12    Spells: 12/26 levels left

rFire   + . .      SeeInvis .   E - +0 quarterstaff (spect)
rCold   . . .      Faith    .   (shield currently unavailable)
rNeg    . . .      Spirit   .   f - +0 steam dragon scales
rPois   +          Reflect  .   (no helmet)
rElec   .          Harm     .   (no cloak)
rCorr   .          Rampage  .   A - +1 pair of gloves
Will    .....                   n - +2 pair of boots
Stlth   ++++......              (no amulet)
HPRegen 0.25/turn               u - ring of protection from fire
MPRegen 0.18/turn               j - +4 ring of protection

@: marked, corroded, gold aura
A: slimy green scales 3, spiny 2, condensation shield, weakness stinger 1
a: Renounce Religion, Potion Petition, Call Merchant, Bribe Branch


You were on level 1 of the Lair of Beasts.
You worshipped Gozag.
Gozag was most pleased with you.
You visited 2 branches of the dungeon, and saw 16 of its levels.
You also visited: Sewer and Ossuary.

You collected 2713 gold pieces.
You spent 63 gold pieces at shops.
You paid 865 gold pieces to Gozag.

Inventory:

Hand Weapons
 k - a +4 shortbow
 l - a +5 spectral short sword
 z - a +4 flail
 E - a +0 spectral quarterstaff (weapon)
 O - a +3 long sword of freezing
 Q - a +5 hand axe of freezing
 R - a +4 long sword
 T - a +1 short sword of speed
 Y - a +1 glaive
 Z - a +4 scimitar
Missiles
 p - 68 poisoned darts
 r - 2 curare-tipped darts
Armour
 c - a +0 leather armour
 f - +0 steam dragon scales (worn)
 n - a +2 pair of boots (worn)
 A - a +1 pair of gloves (worn)
 F - a scarf of harm
 H - a +2 robe of willpower
Magical Staves
 g - a staff of conjuration
 w - a staff of cold
Jewellery
 j - a +4 ring of protection (right hand)
 t - a ring of resist corrosion
 u - a ring of protection from fire (left hand)
 V - a ring of fire
Wands
 i - a wand of charming (16)
 v - a wand of digging (5)
 y - a wand of flame (15)
 D - a wand of mindburst (4)
 I - a wand of polymorph (9)
 N - a wand of acid (1)
Scrolls
 m - 2 scrolls of brand weapon
 x - a scroll of identify
 B - a scroll of amnesia
 G - 3 scrolls of fog
 J - 5 scrolls of teleportation
 M - 4 scrolls of poison
 X - a scroll of immolation
Potions
 a - 3 potions of lignification
 b - 4 potions of magic
 d - 3 potions of invisibility
 e - 2 potions of haste
 h - 4 potions of flight
 q - 4 potions of resistance
 s - 3 potions of cancellation
 C - 6 potions of curing
 K - a potion of berserk rage
 L - 4 potions of brilliance
 P - a potion of ambrosia
 S - a potion of might
 U - a potion of mutation
 W - 2 potions of attraction {unknown}
Miscellaneous
 o - a box of beasts


   Skills:
 + Level 7.7 Fighting
 - Level 2.9 Armour
 + Level 7.6 Dodging
 + Level 8.4 Stealth
 + Level 7.7 Spellcasting
 + Level 9.2 Conjurations
 - Level 5.0 Hexes
 - Level 5.0 Translocations
 * Level 9.2 Evocations


You had 12 spell levels left.
You knew the following spells:

 Your Spells              Type           Power      Damage    Failure   Level
a - Magic Dart            Conj           100%       1d8       1%          1
b - Searing Ray           Conj           100%       2d8       1%          2
c - Dazzling Flash        Conj/Hex       86%        N/A       1%          3
d - Fulminant Prism       Conj/Hex       21%        3d13      3%          4
e - Iskenderun's Mystic   Conj/Tloc      43%        2d10      3%          4

Your spell library contained the following spells:

 Spells                   Type           Power      Damage    Failure   Level
 Shock                    Conj/Air       100%       1d9       1%          1
 Freeze                   Ice            36%        1d6       7%          1
 Sublimation of Blood     Necr           9%         N/A       10%         2
 Hailstorm                Conj/Ice       31%        3d8       10%         4
 Frozen Ramparts          Ice            18%        1d3       21%         3
 Ignite Poison            Fire/Tmut/Pois 9%         N/A       21%         3
 Spider Form              Tmut/Pois      9%         N/A       21%         3
 Swiftness                Air            9%         N/A       21%         3
 Airstrike                Air            4%         2d(1-17)  54%         4
 Borgnjor's Vile Clutch   Necr/Erth      4%         N/A       88%         5
 Spellforged Servitor     Conj/Summ      15%        N/A       100%        7
 Death's Door             Necr           4%         N/A       100%        9


Dungeon Overview and Level Annotations

Branches:
Dungeon (15/15)            Temple (0/1) D:7            Lair (1/5) D:10
    Orc (0/2) D:11          Sewer (visited)         Ossuary (visited)
 Vaults: D:13-14     Depths: D:15

Altars:
Ashenzari
Dithmenos
Fedhas
Gozag
Hepliaklqana
Makhleb
Nemelex Xobeh
Okawaru
Sif Muna
Uskayaw
Xom
Yredelemnul

Shops:
D:3 [   D:7 *

Annotations:
D:4 1 runed translucent door, mongooserunner's ghost, amateur GnGl
D:9 1 runed translucent door, 0gre's ghost, novice GnIE
Lair:1 2 transporters


Innate Abilities, Weirdness & Mutations

You are completely covered in slimy green scales. (AC +4, rPois)
You are mostly covered in sharp spines.
A meltable shield of frost defends you. (SH +4)
You have a small tail.


Message History

Casting: Dazzling Flash (safe; 1% risk of failure)
Press: ? - help, Dir - look around, f - activate Harold is dazzled.
Harold hits you but does no damage.
You hit Harold but do no damage. You tail-slap Harold, but do no damage.
Harold is heavily wounded.
Your +0 spectral quarterstaff hits Harold.
Harold closely misses your +0 spectral quarterstaff.
You hit Harold. You tail-slap Harold, but do no damage.
Harold is severely wounded.
Your +0 spectral quarterstaff hits Harold.
Harold barely misses you. You block Harold's attack.
You hit Harold but do no damage.
Harold is severely wounded.
Your +0 spectral quarterstaff hits Harold!
Harold is no longer blind.
Harold hits your +0 spectral quarterstaff with a +0 dire flail of protection.
Your spectral weapon shares its damage with you!
You hit Harold but do no damage.
Harold is almost dead.
Your +0 spectral quarterstaff hits Harold.
Harold hits your +0 spectral quarterstaff with a +0 dire flail of protection!
Your spectral weapon shares its damage with you!
You hit Harold but do no damage.
Harold is almost dead.
Your +0 spectral quarterstaff barely misses Harold.
Harold zaps a wand.
The bolt of acid hits you. The acid corrodes you!
The now-empty wand crumbles to dust.
A rime drake comes into view.
Harold is struck by your spines.
Harold hits you with a +0 dire flail of protection!
* * * LOW HITPOINT WARNING * * *
You hit Harold but do no damage.
Harold is almost dead.
Your +0 spectral quarterstaff hits Harold!
You kill Harold!
Harold gasps with his last breath, "I wish I had worked less..."
The rime drake breathes ice at you. The flash freeze hits you!!
You die...
Your body crumbles into a pile of gold.

#.########### ##
............ ..
.........+.#####.# ..
........#........#..
............#....(...P.#
............#...@....P.#
...............$.....#..
.........k...........#
..........(.#........+
............#........#
............##..######
...................
#..................
#...................


You could see a rime drake (catching breath) and a friendly +0 spectral
quarterstaff (summoned).

Vanquished Creatures
  Harold (Lair:1)
  2 boulder beetles (D:12)
  A hydra (D:12)
  A centaur warrior (D:13)
  2 two-headed ogres
  2 deep elf pyromancers
  5 cyclopes
  An ugly thing (D:12)
  A moth of wrath (shapeshifter) (D:12)
  A black mamba (Lair:1)
  A gargoyle (D:11)
  2 kobold demonologists (D:13)
  An unseen horror (D:10)
  A rime drake (Lair:1)
  A komodo dragon (D:11)
  4 trolls
  Grinder (D:5)
  A wraith (D:10)
  2 wyverns
  Grum (D:10)
  46 yaks
  A basilisk (D:11)
  A steam dragon (D:7)
  Menkaure (D:7)
  An acid dragon (D:9)
  3 water moccasins
  4 orc warriors
  A black bear (D:5)
  2 ogres
  2 ice beasts (D:6)
  3 sky beasts (D:7)
  2 wolves (D:10)
  7 centaurs
  2 phantoms
  10 kobold brigands
  4 bullfrogs
  3 necrophages
  4 scorpions (D:5)
  17 wights
  15 killer bees
  6 howler monkeys
  A human zombie (Ossuary)
  8 orc priests
  5 hounds
  Jessica (D:2)
  An iguana (D:7)
  4 orc wizards
  A hound skeleton (D:4)
  3 mummies (Ossuary)
  4 gnolls (D:6)
  8 adders
  4 river rats
  A white imp (D:7)
  An ufetubus (D:6)
  2 adder zombies (Ossuary)
  2 worms
  A dart slug (D:3)
  52 orcs
  4 ball pythons
  13 endoplasms
  4 giant cockroaches
  9 hobgoblins
  32 kobolds
  4 quokkas
  2 bats (D:3)
  2 frilled lizards
  2 goblins (D:3)
  3 goblin zombies (Ossuary)
  2 hobgoblin zombies (Ossuary)
  3 kobold zombies (Ossuary)
  4 quokka zombies (Ossuary)
  9 rats
  3 rat zombies (Ossuary)
  A spectral orc (D:6)
363 creatures vanquished.

Vanquished Creatures (collateral kills)
  A centaur (D:6)
1 creature vanquished.

Vanquished Creatures (others)
  21 fulminant prisms
  2 plants (Lair:1)
23 creatures vanquished.

Grand Total: 387 creatures vanquished

Notes
Turn   | Place    | Note
-------+----------+-------------------------------------------
     0 | D:1      | croobank the Demonspawn Conjurer began the quest for the
                  | Orb.
     0 | D:1      | Reached XP level 1. HP: 13/13 MP: 3/3
   267 | D:1      | Found a faded altar of an unknown god.
   815 | D:2      | Gained mutation: You have a small tail. [demonic ancestry]
   815 | D:2      | Reached XP level 2. HP: 19/19 MP: 3/5
   818 | D:2      | Learned a level 2 spell: Searing Ray
   861 | D:2      | Noticed Jessica
   867 | D:2      | Killed Jessica
   868 | D:2      | Gained mutation: You are partially covered in sharp spines.
                  | [demonic ancestry]
   868 | D:2      | Reached XP level 3. HP: 12/25 MP: 1/6
  1035 | D:2      | Learned a level 3 spell: Dazzling Flash
  1209 | D:2      | Found a hide-covered altar of Uskayaw.
  1685 | D:3      | Found a glowing drain.
  1703 | D:3      | Reached XP level 4. HP: 22/31 MP: 2/7
  1705 | Sewer    | Entered a sewer
  1849 | Sewer    | Reached skill level 1 in Fighting
  1944 | Sewer    | Noticed a kobold brigand
  1959 | Sewer    | Killed a kobold brigand
  1960 | Sewer    | Reached skill level 1 in Armour
  1960 | Sewer    | Gained mutation: A meltable shield of frost defends you.
                  | (SH +4) [demonic ancestry]
  1960 | Sewer    | Reached XP level 5. HP: 28/37 MP: 0/9
  2070 | Sewer    | Reached skill level 1 in Hexes
  2335 | Sewer    | Gained mutation: You are partially covered in slimy green
                  | scales. (AC +2) [demonic ancestry]
  2335 | Sewer    | Reached XP level 6. HP: 44/44 MP: 3/10
  2991 | Sewer    | Reached skill level 5 in Conjurations
  3103 | Sewer    | Gained mutation: You are mostly covered in slimy green
                  | scales. (AC +3) [demonic ancestry]
  3103 | Sewer    | Reached XP level 7. HP: 45/51 MP: 2/12
  3667 | D:3      | Found Karof's Antique Armour Boutique.
  4367 | D:4      | Found a runed translucent door.
  4629 | D:4      | Found a shimmering altar of Xom.
  4629 | D:4      | Found a basalt altar of Yredelemnul.
  5044 | D:4      | Found a burning altar of Makhleb.
  5303 | D:4      | Noticed mongooserunner's ghost (amateur GnGl)
  5440 | D:4      | Found a blossoming altar of Fedhas.
  5531 | D:5      | Entered Level 5 of the Dungeon
  5761 | D:5      | Gained mutation: You are mostly covered in sharp spines.
                  | [demonic ancestry]
  5761 | D:5      | Reached XP level 8. HP: 58/58 MP: 6/14
  5861 | D:5      | Found a shimmering blue altar of Sif Muna.
  6438 | D:5      | Got the Volume of the Damaging Assassin
  6558 | D:5      | Noticed Grinder
  6569 | D:5      | Killed Grinder
  6923 | D:5      | Learned a level 4 spell: Fulminant Prism
  7044 | D:6      | Reached skill level 5 in Stealth
  7192 | D:6      | Found a broken altar of Ashenzari.
  7197 | D:6      | Reached XP level 9. HP: 55/66 MP: 16/16
  7241 | D:6      | Found a sand-covered staircase.
  7274 | Ossuary  | Entered an ossuary
  8058 | D:6      | Reached skill level 5 in Spellcasting
  8058 | D:6      | Reached skill level 1 in Evocations
  8444 | D:6      | Found a hazy altar of Hepliaklqana.
  8461 | D:6      | Found a shadowy altar of Dithmenos.
  8582 | D:6      | Reached skill level 5 in Dodging
  8614 | D:6      | Reached skill level 5 in Fighting
  8978 | D:7      | Noticed Menkaure
  8981 | D:7      | Killed Menkaure
  9206 | D:7      | Found Ytrurex's Assorted Antiques.
  9329 | D:7      | Bought a scroll of identify for 42 gold pieces
  9330 | D:7      | Bought a scroll labelled TUULAN FOGIZXO for 21 gold pieces
  9587 | D:7      | Learned a level 4 spell: Iskenderun's Mystic Blast
  9660 | D:7      | Reached XP level 10. HP: 74/74 MP: 13/18
  9914 | D:7      | Found an opulent altar of Gozag.
 10017 | D:7      | Became a worshipper of Gozag Ym Sagoz the Greedy
 10298 | D:7      | Found a staircase to the Ecumenical Temple.
 10643 | D:8      | Found a sparkling altar of Nemelex Xobeh.
 10871 | D:8      | Reached skill level 1 in Translocations
 11509 | D:8      | Reached skill level 5 in Evocations
 12620 | D:9      | Found a runed translucent door.
 12621 | D:9      | Noticed 0gre's ghost (novice GnIE)
 12621 | D:9      | Noticed a wolf spider
 12918 | D:9      | Reached skill level 5 in Hexes
 12964 | D:9      | Gained mutation: You are completely covered in slimy green
                  | scales. (AC +4, rPois) [demonic ancestry]
 12964 | D:9      | Reached XP level 11. HP: 48/81 MP: 7/20
 13626 | D:10     | Entered Level 10 of the Dungeon
 13706 | D:10     | Noticed Grum
 13716 | D:10     | Killed Grum
 14388 | D:10     | Found an iron altar of Okawaru.
 14961 | D:10     | Found a staircase to the Lair.
 14980 | D:10     | Identified the +3 leather armour of Ruyqox {+Inv rF- Str+2
                  | Int+5}
 15188 | D:10     | Noticed a two-headed ogre
 15193 | D:10     | Killed a two-headed ogre
 15898 | D:11     | Found a staircase to the Orcish Mines.
 16582 | D:11     | Reached XP level 12. HP: 78/89 MP: 22/22
 16631 | D:11     | Got the Folio of the Tainted Dead
 17693 | D:12     | Identified the +5 great sword "Spiderslayer" {vorpal,
                  | Str+3}
 18172 | D:12     | Noticed a two-headed ogre
 18188 | D:12     | Killed a two-headed ogre
 18462 | D:12     | Noticed a boulder beetle
 18481 | D:12     | Noticed a boulder beetle
 18498 | D:12     | Killed a boulder beetle
 18795 | D:12     | Noticed a four-headed hydra
 18801 | D:12     | Killed a four-headed hydra
 18822 | D:12     | Killed a boulder beetle
 19232 | D:13     | Noticed a centaur warrior
 19244 | D:13     | Killed a centaur warrior
 19628 | D:13     | You fall into a shaft and drop 2 floors!
 19628 | D:15     | Entered Level 15 of the Dungeon
 19792 | Lair:1   | Entered Level 1 of the Lair of Beasts
 19978 | Lair:1   | Found a transporter.
 20026 | Lair:1   | Found a transporter.
 20038 | Lair:1   | Reached skill level 5 in Translocations
 20130 | Lair:1   | Noticed Harold
 20149 | Lair:1   | Killed Harold
 20149 | Lair:1   | Killed from afar by a rime drake

Illustrated notes

Levels and vault maps discovered:
D:1:      lightli_molten_gateway, layout_rooms,
          dreamdust_ecumenical_altar_hidden_monk_grotto,
          chequers_serial_rivers_small_a
D:2:      layout_rooms, basic_altar, uniq_jessica
D:3:      layout_basic, serial_shops, nicolae_shop_window_shopping,
          portal_sewer_entry_e
D:4:      layout_basic, makhleb_blood_cavern_becter,
          gammafunk_temple_overflow_forgotten, gammafunk_ghost_grave,
          corexii_shack, dreamdust_wishing_well, minmay_liquid_box
D:5:      layout_loops_ring, nicolae_sif_muna_condensation,
          kennysheep_flooded_box, uniq_grinder
D:6:      layout_loops_corners, mainiacjoe_overflow_small_starburst,
          nicolae_hepliaklqana_monster_ancestors, nicolae_ashenzari_skybound,
          nicolae_ossuary_entry_ruins
D:7:      layout_loops_ring, marbit_many_paths, lemuel_temple_firewalk_b,
          serial_shops, shop, uniq_menkaure
D:8:      layout_layer_cave, lemuel_doored_altar
D:9:      layout_roguey, ebering_ghost_inner_flame
D:10:     layout_gridville, mainiacjoe_overflow_surrounded_room,
          lair_entry_dummy, uniq_grum
D:11:     layout_rooms, hiddenorc2_lemuel
D:12:     minmay_chambers_of_sixes, layout_loops_ring, gauntlet_entry_generic
D:13:     layout_basic, hive_lemuel
D:14:     layout_loops_ring, david_vaults_4, portal_ice_cave_entry_dragon,
          minmay_staircase_bubble
D:15:     grunt_enter_depths_magical_seal, layout_irregular_city,
          minmay_door_square, gammafunk_ghost_fury_of_okawaru
Lair:1:   gammafunk_worm_tunnel, layout_regular_city, infiniplex_staircase_pool,
          grunt_megastairs_4, uniq_harold

Skill      XL: |  1  2  3  4  5  6  7  8  9 10 11 12 |
---------------+-------------------------------------+-----
Dodging        | 2 3 4 5 6 7 |  7.6
Stealth        | 2 3 4 5 6 7 8 |  8.4
Fighting       | 1 2 3 4 5 6 7 |  7.7
Armour         | 1 2 |  2.9
Spellcasting   | 3 4 5 6 7 |  7.7
Hexes          | 1 2 4 5 |  5.0
Conjurations   | 5 6 7 8 9 |  9.2
Evocations     | 3 5 7 9 |  9.2
Translocations | 2 3 5 |  5.0

Action                   |  1- 3 |  4- 6 |  7- 9 | 10-12 || total
-------------------------+-------+-------+-------+-------++-------
Melee: Short sword       |    13 |       |    61 |    16 ||    90
       Staff             |    12 |    25 |   110 |    56 ||   203
       Tailslap          |     2 |     2 |    34 |    69 ||   107
       Punch             |       |       |     5 |     2 ||     7
       Quarterstaff      |       |       |       |   278 ||   278
 Cast: Magic Dart        |    27 |    18 |    44 |    42 ||   131
       Searing Ray       |     7 |    17 |    67 |    64 ||   155
       Dazzling Flash    |     1 |     4 |     9 |    17 ||    31
       Fulminant Prism   |       |       |     7 |    14 ||    21
       Iskenderun's Myst |       |       |       |     5 ||     5
Invok: Potion Petition   |       |       |       |     2 ||     2
Evoke: Wand              |       |       |       |     7 ||     7
  Use: Scroll            |     3 |       |    20 |     7 ||    30
       Potion            |       |       |     1 |     3 ||     4
 Stab: Sleeping          |     1 |       |    10 |     8 ||    19
       Invisible         |     1 |       |     2 |     1 ||     4
       Distracted        |       |       |     1 |     2 ||     3
Armor: Robe              |     8 |    11 |    40 |       ||    59
       Leather armour    |       |       |    29 |       ||    29
       Steam dragon scal |       |       |     2 |   137 ||   139
Dodge: Dodged            |    16 |    27 |   100 |   258 ||   401
Block: Other             |       |       |    32 |    77 ||   109
